 Dungeon Crawl Stone Soup version 0.27.1 (webtiles) character file.

Game seed: 16378613533769715859

10395 mumross the Spear-Bearer (level 11, -5/95 HPs)
             Began as a Ghoul Monk on Aug 23, 2021.
             Was a High Priest of Lugonu.
             Slain by an eight-headed hydra (6 damage)
             ... while petrified by a basilisk
             ... on level 2 of the Lair of Beasts.
             The game lasted 02:32:23 (17258 turns).

mumross the Spear-Bearer (Ghoul Monk)              Turns: 17258, Time: 02:32:24

Health: -5/95      AC: 17    Str: 18    XL:     11   Next: 61%
Magic:  14/14      EV:  2    Int:  5    God:    Lugonu [*****.]
Gold:   488        SH:  0    Dex: 20    Spells: 10/10 levels left

rFire    + + .     SeeInvis .   a - +0 trident (protect)
rCold    + + .     Faith    .   (no shield)
rNeg     + + +     Spirit   .   M - +4 ring mail
rPois    ∞         Reflect  .   r - +0 helmet
rElec    .         Harm     .   g - +0 cloak
rCorr    .         Rampage  .   c - +0 pair of gloves
Will     .....                  i - +1 pair of boots
Stlth    +++.......             (no amulet)
HPRegen  0.00/turn              E - ring of Benevolence {rF+ rN+ Dex+6}
MPRegen  0.14/turn              y - ring of Akiwonk {rF+ rC+ Str+2}

@: petrified, inhibited regen
A: claws 1, cold resistance 1, negative energy resistance 3, inhibited
regeneration, torment resistance 2
a: Renounce Religion, Depart the Abyss, Bend Space, Banish, Corrupt, Enter the
Abyss


You were on level 2 of the Lair of Beasts.
You worshipped Lugonu.
Lugonu was extremely pleased with you.
You visited 2 branches of the dungeon, and saw 12 of its levels.
You also visited: Sewer.

You collected 591 gold pieces.
You spent 103 gold pieces at shops.

Inventory:

Hand Weapons
 a - a +0 trident of protection (weapon)
 e - the +10 hunting sling of Harmony {vorpal, rF- rN+ Str+3}
   (You acquired it on level 2 of the Lair of Beasts)

   Any ammunition fired from it inflicts extra damage upon your enemies.
   Str:       It affects your strength (+3).
   rF:        It makes you vulnerable to fire.
   rN:        It protects you from negative energy.
 k - a +0 halberd
 m - a +0 hand crossbow
 F - a +3 hunting sling of venom
Missiles
 j - 93 bolts
 l - 303 stones (quivered)
 o - 7 atropa-tipped darts
 p - 251 arrows
 q - 86 poisoned darts
 I - 22 sling bullets
Armour
 c - a +0 pair of gloves (worn)
 g - a +0 cloak (worn)
 i - a +1 pair of boots (worn)
 r - a +0 helmet (worn)
 K - a +0 kite shield
 M - a +4 ring mail (worn)
 O - a +4 chain mail
Jewellery
 y - the ring of Akiwonk (right hand) {rF+ rC+ Str+2}
   (You acquired it on level 2 of the Lair of Beasts)

   [ring of protection from fire]

   Str:       It affects your strength (+2).
   rF:        It protects you from fire.
   rC:        It protects you from cold.
 E - the ring of Benevolence (left hand) {rF+ rN+ Dex+6}
   (You acquired it on level 2 of the Lair of Beasts)

   [ring of dexterity]

   Dex:       It affects your dexterity (+6).
   rF:        It protects you from fire.
   rN:        It protects you from negative energy.
Wands
 d - a wand of flame (5)
 f - a wand of paralysis (10)
 n - a wand of iceblast (3)
 G - a wand of mindburst (8)
Scrolls
 b - 2 scrolls of teleportation
 h - 2 scrolls of fear
 v - a scroll of vulnerability
 z - 2 scrolls of blinking {unknown}
 B - 3 scrolls of magic mapping
 J - a scroll of fog {unknown}
Potions
 s - a potion of flight
 t - 3 potions of attraction
 u - 5 potions of heal wounds
 w - 4 potions of haste
 x - a potion of cancellation
 A - a potion of brilliance {unknown}
 C - a potion of resistance {unknown}
 D - a potion of magic {unknown}


   Skills:
 - Level 8.8 Fighting
 + Level 9.8 Polearms
 + Level 4.4 Slings
 + Level 8.7 Armour
 - Level 2.6 Dodging
 - Level 5.3 Stealth
 - Level 6.0 Invocations


You had 10 spell levels left.
You didn't know any spells.
Your spell library contained the following spells:

 Spells                   Type           Power      Damage    Failure   Level
 Animate Skeleton         Necr           0%         N/A       65%         1
 Foxfire                  Conj/Fire      0%         2x1d4     65%         1
 Freeze                   Ice            0%         1d3       65%         1
 Pain                     Necr           0%         1d4       65%         1
 Conjure Flame            Conj/Fire      0%         6-21      95%         3
 Dazzling Flash           Conj/Hex       0%         N/A       95%         3
 Frozen Ramparts          Ice            0%         1d2       95%         3
 Gell's Gravitas          Tloc           0%         N/A       95%         3
 Inner Flame              Hex/Fire       0%         N/A       95%         3
 Lesser Beckoning         Tloc           0%         N/A       95%         3
 Portal Projectile        Hex/Tloc       0%         N/A       95%         3
 Summon Guardian Golem    Hex/Summ       0%         N/A       95%         3
 Teleport Other           Tloc           0%         N/A       95%         3
 Tukima's Dance           Hex            0%         N/A       95%         3
 Vampiric Draining        Necr           0%         2d6       95%         3
 Hailstorm                Conj/Ice       0%         3d3       100%        4
 Passage of Golubria      Tloc           N/A        N/A       100%        4
 Agony                    Necr           0%         N/A       100%        5
 Excruciating Wounds      Necr           0%         N/A       100%        5
 Silence                  Hex/Air        0%         N/A       100%        5
 Yara's Violent Unravell  Hex/Tmut       0%         3d3       100%        5
 Orb of Destruction       Conj           0%         N/A       100%        7
 Spellforged Servitor     Conj/Summ      0%         N/A       100%        7
 Blade Hands              Tmut           Unusable   N/A       N/A         5

Dungeon Overview and Level Annotations

Branches:
Dungeon (10/15)            Temple (0/1) D:5            Lair (2/6) D:9
 Spider (0/4) Lair:2        Sewer (visited)
  Swamp: Lair:2-4    Shoals: Lair:2-4       Orc: D:9-12

Altars:
Elyvilon
Uskayaw
Lugonu

Shops:
D:3 ?*?:*   D:7 *   D:8 :   D:9 (

Annotations:
Lair:1 Urug
Lair:2 Prince Ribbit


Innate Abilities, Weirdness & Mutations

You thrive by killing the living.
You are immune to poison.
You have sharp fingernails.
Your flesh is cold resistant. (rC+)
You are immune to negative energy. (rN+++)
You do not regenerate when monsters are visible.
You are immune to unholy pain and torment.


Message History

The basilisk bites you but does no damage.
The water moccasin bites you. The eight-headed hydra bites you.
The eight-headed hydra bites you but does no damage.
The eight-headed hydra bites you.
The eight-headed hydra bites you but does no damage. x4
The eight-headed hydra bites you. The water moccasin bites you.
The basilisk bites you!
* * * LOW HITPOINT WARNING * * *
The eight-headed hydra bites you but does no damage.
The eight-headed hydra bites you.
* * * LOW HITPOINT WARNING * * *
The eight-headed hydra bites you.
* * * LOW HITPOINT WARNING * * *
The eight-headed hydra bites you.
* * * LOW HITPOINT WARNING * * *
The eight-headed hydra bites you.
* * * LOW HITPOINT WARNING * * *
The eight-headed hydra bites you but does no damage. x2
The eight-headed hydra bites you!
* * * LOW HITPOINT WARNING * * *
The basilisk bites you but does no damage.
The eight-headed hydra bites you.
The eight-headed hydra barely misses you.
The eight-headed hydra bites you but does no damage. x2
The eight-headed hydra bites you.
* * * LOW HITPOINT WARNING * * *
The eight-headed hydra bites you but does no damage.
The eight-headed hydra bites you!
* * * LOW HITPOINT WARNING * * *
The eight-headed hydra bites you.
* * * LOW HITPOINT WARNING * * *
The basilisk bites you!
* * * LOW HITPOINT WARNING * * *
The death yak gores you but does no damage.
The eight-headed hydra bites you!
* * * LOW HITPOINT WARNING * * *
The eight-headed hydra bites you.
* * * LOW HITPOINT WARNING * * *
The eight-headed hydra bites you!
You die...

# *** *,,,,,, ### ****,,,,,, ..#
*,**,,,,,, ..# *####***,,,,,,,,
..####### ####P..##,*,,,,,,,,
...#..#.#######.P.....#.,,,,,,,,,
...............P........,,,,,,,*,
.Y.....##......l........,,**,,,**
..............SD@.:.....,,,,,,,,*
......##...)...Y........,,,,,,**,
......##..............<.,,,,*****
.......................P,,*,,*
..........>.......###.##******
..#.#........###..#*,*#
#P#####..#..## ####*** ##*
######.# *##


You could see a death yak, an eight-headed hydra, a basilisk and a water
moccasin.

Vanquished Creatures
  A cyclops (D:9)
  Psyche (D:9)
  2 cane toads (Lair:1)
  2 komodo dragons (Lair:2)
  A jumping spider (Lair:2)
  A troll (D:10)
  4 blink frogs (Lair:1)
  A wyvern (D:7)
  2 redbacks (Lair:2)
  A wraith (D:9)
  14 yaks
  A steam dragon (D:9)
  3 water moccasins
  2 black bears
  3 orc warriors
  An ice beast (D:7)
  4 ogres
  4 wolves (Lair:2)
  5 centaurs
  A phantom (D:4)
  5 bullfrogs
  5 kobold brigands
  A gnoll sergeant (D:8)
  4 scorpions
  2 water moccasin skeletons
  A wyvern skeleton (D:5)
  9 killer bees
  3 centaur zombies
  A bullfrog skeleton (D:6)
  5 jellies
  2 gnoll shamans
  4 hounds
  3 orc priests
  Jessica (D:3)
  Terence (D:3)
  Natasha (D:2)
  2 iguanas
  3 orc wizards
  Ijyb (D:3)
  A hound zombie (D:5)
  2 howler monkey zombies
  Robin (D:2)
  18 gnolls
  12 adders
  7 river rats (Sewer)
  3 dart slugs
  21 orcs
  2 bats
  8 endoplasms
  4 giant cockroaches
  13 hobgoblins
  6 jackals
  32 kobolds
  3 quokkas
  10 ball pythons
  5 frilled lizards
  10 goblins
  A quokka skeleton (D:4)
  22 rats
289 creatures vanquished.

Vanquished Creatures (others)
  8 fungi
  13 plants
21 creatures vanquished.

Grand Total: 310 creatures vanquished

Notes
Turn   | Place    | Note
-------+----------+-------------------------------------------
     0 | D:1      | mumross the Ghoul Monk began the quest for the Orb.
     0 | D:1      | Reached XP level 1. HP: 19/19 MP: 0/0
   279 | D:1      | Reached skill level 3 in Polearms
   334 | D:1      | Reached XP level 2. HP: 25/26 MP: 1/1
   663 | D:1      | Reached XP level 3. HP: 28/31 MP: 2/2
  1271 | D:2      | Reached skill level 4 in Polearms
  1271 | D:2      | Reached XP level 4. HP: 20/38 MP: 3/3
  1500 | D:2      | Noticed Robin
  1564 | D:2      | Killed Robin
  2259 | D:2      | Noticed Natasha
  2273 | D:2      | Killed Natasha
  2274 | D:2      | Reached XP level 5. HP: 27/45 MP: 4/4
  2531 | D:2      | Found a faded altar of an unknown god.
  2536 | D:2      | Became a worshipper of Lugonu the Unformed
  2536 | D:2      | Reached * piety under Lugonu
  2536 | D:2      | Reached ** piety under Lugonu
  2536 | D:2      | Reached *** piety under Lugonu
  2821 | D:3      | Found Jutoet's Book Boutique.
  2822 | D:3      | Noticed Jessica
  2836 | D:3      | Killed Jessica
  2863 | D:3      | Noticed Terence
  2881 | D:3      | Killed Terence
  2996 | D:3      | Found Tafibbo's General Store.
  3004 | D:3      | Bought a +0 cloak for 54 gold pieces
  3020 | D:3      | Found a glowing drain.
  3032 | D:3      | Reached skill level 5 in Polearms
  3060 | D:3      | Reached XP level 6. HP: 45/51 MP: 5/5
  3089 | Sewer    | Entered a sewer
  3151 | Sewer    | Reached **** piety under Lugonu
  3962 | Sewer    | Reached skill level 5 in Stealth
  4127 | Sewer    | Reached skill level 6 in Polearms
  4127 | Sewer    | Reached XP level 7. HP: 11/57 MP: 4/6
  4664 | D:3      | Found Ajairale's Magic Scroll Emporium.
  4669 | D:3      | Bought a scroll of magic mapping for 49 gold pieces
  4692 | D:3      | Found Hitanopt's General Store.
  4743 | D:3      | Noticed Ijyb
  4752 | D:3      | Killed Ijyb
  5047 | D:3      | Found Ydecur's Magic Scroll Shoppe.
  5554 | D:4      | Reached skill level 1 in Invocations
  5751 | D:4      | Reached skill level 1 in Armour
  6673 | D:4      | Reached XP level 8. HP: 59/63 MP: 7/9
  7089 | D:5      | Entered Level 5 of the Dungeon
  7089 | D:5      | Found a staircase to the Ecumenical Temple.
  7397 | D:5      | Reached ***** piety under Lugonu
  7398 | D:5      | Reached skill level 7 in Polearms
  8234 | D:6      | Reached skill level 5 in Invocations
  8234 | D:6      | Reached XP level 9. HP: 70/70 MP: 11/11
  8789 | D:6      | Reached skill level 8 in Polearms
  9065 | D:6      | Found a hide-covered altar of Uskayaw.
  9083 | D:6      | Reached skill level 5 in Armour
  9475 | D:7      | Reached skill level 1 in Slings
 10080 | D:7      | Found Diomiedo's Assorted Antiques.
 11240 | D:7      | Reached skill level 5 in Fighting
 11240 | D:7      | Reached XP level 10. HP: 81/81 MP: 13/13
 12397 | D:8      | Found Uporuryo's Book Shoppe.
 13794 | D:9      | Found Dafucwot's Weapon Shop.
 13864 | D:9      | Noticed a cyclops
 13895 | D:9      | Killed a cyclops
 13921 | D:9      | Noticed Psyche
 13993 | D:9      | Killed Psyche
 14135 | D:9      | Found a staircase to the Lair.
 14619 | D:10     | Entered Level 10 of the Dungeon
 14898 | D:10     | Reached skill level 9 in Polearms
 14928 | D:10     | Reached XP level 11. HP: 86/93 MP: 14/14
 15594 | Lair:1   | Entered Level 1 of the Lair of Beasts
 16329 | Lair:1   | Noticed Urug
 16391 | Lair:2   | Found a hole to the Spider Nest.
 16590 | Lair:2   | Noticed an eight-headed hydra
 16733 | Lair:2   | Noticed a seven-headed hydra
 17021 | Lair:2   | Noticed a death yak
 17043 | Lair:2   | Identified 3 scrolls of acquirement
 17043 | Lair:2   | Acquired the ring of Benevolence {rF+ rN+ Dex+6}
 17046 | Lair:2   | Acquired the +10 hunting sling of Harmony {vorpal, rF- rN+
                  | Str+3}
 17048 | Lair:2   | Acquired the ring of Akiwonk {rF+ rC+ Str+2}
 17190 | Lair:2   | Noticed Prince Ribbit
 17258 | Lair:2   | HP: 3/95 [eight-headed hydra (3)]
 17258 | Lair:2   | HP: 1/95 [eight-headed hydra (2)]
 17258 | Lair:2   | Slain by an eight-headed hydra

Illustrated notes

Levels and vault maps discovered:
D:1:      sevenhm_arrival_forest_fort_small_3, layout_rooms, minmay_pentomino_v4
D:2:      layout_basic, shapermc_ecumenical_altar_petra, uniq_natasha,
          uniq_robin
D:3:      layout_loops_ring, serial_shops, shop, shop, shop, shop,
          nicolae_shop_behind_doors, gup_sewer_entry_glass,
          roderic_roman_lattice, roderic_lattice_a,
          hangedman_abyss_or_decor_stabs, roderic_serpentine_path,
          kennysheep_nub, chequers_serial_rivers_large_a, uniq_terence,
          uniq_jessica, uniq_ijyb
D:4:      layout_basic, minmay_misc_feat_hallway, nicolae_zen_rock_garden,
          minmay_misc_feat_plants
D:5:      layout_rooms, minmay_temple_entry_drinking_statues, st_stairs_10
D:6:      layout_cave_pools, nicolae_uskayaw_dance_studio, serial_bayou_pond_a
D:7:      layout_gridville, serial_shops, shop, roderic_malta_cross
D:8:      layout_layer_cave, general_overflow_altar, serial_shops,
          nicolae_inconvenience_store, hangedman_glass_teeth,
          kennysheep_generic_room_11
D:9:      layout_cave_pools, lair_entry_dummy, serial_shops, shop_statue,
          uniq_psyche
D:10:     layout_loops_corners
Lair:1:   layout_gridlike, wad_woods_03, uniq_urug
Lair:2:   layout_cave_shapes, spider_nest_entry_a, uniq_prince_ribbit2

Skill      XL: |  1  2  3  4  5  6  7  8  9 10 11 |
---------------+----------------------------------+-----
Polearms       | 3 4 5 6 7 8 9 |  9.8
Stealth        | 3 4 5 |  5.3
Invocations    | 2 5 6 |  6.0
Armour         | 2 4 6 7 8 |  8.7
Slings         | 3 4 |  4.4
Fighting       | 5 7 8 |  8.8
Dodging        | |  2.6

Action                   |  1- 3 |  4- 6 |  7- 9 | 10-12 || total
-------------------------+-------+-------+-------+-------++-------
Melee: Spear             |   153 |   424 |   470 |       ||  1047
       Trident           |       |       |    71 |   451 ||   522
 Fire: Hunting sling     |       |     1 |   172 |   193 ||   366
       Hand crossbow     |       |       |     2 |       ||     2
Throw: Stone             |     2 |    11 |     2 |       ||    15
Invok: Bend Space        |       |     1 |    23 |    17 ||    41
Evoke: Wand              |       |       |       |     3 ||     3
  Use: Scroll            |       |     5 |     3 |    18 ||    26
       Potion            |       |       |       |     3 ||     3
 Stab: Sleeping          |     2 |     4 |     6 |     2 ||    14
Armor: Robe              |     1 |       |       |       ||     1
       Leather armour    |    23 |    93 |    48 |       ||   164
       Ring mail         |       |       |   108 |   336 ||   444
Dodge: Dodged            |    51 |   198 |   235 |   318 ||   802
